 Dungeon Crawl Stone Soup version bcrawl-1.28.1b (webtiles) character file.

Game seed: 16545681304832453965

254910 Morbidden the Ducker (level 7, -6/59 HPs)
             Began as a White Draconian Archaeologist on Dec 31, 2020.
             Mangled by Adamkad1's ghost (10 damage)
             ... on level 4 of the Dungeon.
             The game lasted 00:05:59 (3514 turns).

Morbidden the Ducker (DrAc)                         Turns: 3514, Time: 00:05:59

Health: -6/59      AC: 10    Str: 26    XL:     7   Next: 63%
Magic:  7/7        EV: 14    Int: 17    God:
Gold:   169        SH:  1    Dex:  9    Spells: 6/6 levels left

rFire    . . .     SeeInvis .   z - +0 long sword
rCold    + . .     Gourm    .   (no shield)
rNeg     . . .     Faith    .   (armour unavailable)
rPois    .         Spirit   .   b - +1 hat
rElec    .         Reflect  .   (no cloak)
rCorr    .         Harm     .   t - +0 pair of gloves
MR       .....                  c - +1 pair of boots
Stlth    ++........             (no amulet)
HPRegen  0.19/turn              o - +6 ring of strength
MPRegen  0.10/turn              j - +7 ring of strength

@: studying Fighting
A: breathe frost, unfitting armour, cold resistance 1, cold-blooded, AC +6
a: Breathe Frost


You were on level 4 of the Dungeon.
You were hungry.

You visited 1 branch of the dungeon, and saw 4 of its levels.

You collected 169 gold pieces.

Inventory:

Hand Weapons
 a - a +0 whip
 g - a +0 mace
 u - a +0 dire flail
 z - a +0 long sword (weapon)
Armour
 b - a +1 hat (worn)
 c - a +1 pair of boots (worn)
 t - a +0 pair of gloves (worn)
Jewellery
 j - a +7 ring of strength (right hand)
 o - a +6 ring of strength (left hand)
 B - an uncursed ring of see invisible
Wands
 x - a wand of digging (9)
Scrolls
 d - a scroll of magic mapping
 h - a scroll of fear {unknown}
 p - 3 scrolls of remove curse {unknown}
 q - a scroll of amnesia {unknown}
 s - a scroll of teleportation {unknown}
 y - a scroll of blinking {unknown}
Potions
 i - a potion of cancellation {unknown}
 k - 2 potions of mutation {unknown}
 l - 2 potions of brilliance {unknown}
 m - a potion of ambrosia {unknown}
 n - 3 potions of agility {unknown}
 r - 3 potions of heal wounds
 v - a potion of degeneration {unknown}
 w - 2 potions of berserk rage {unknown}
 C - a potion of flight {unknown}
Books
 f - a manual of Fighting
Comestibles
 e - 8 rations {!d}
 A - 2 chunks of flesh


   Skills:
 * Level 4.3 Fighting
 * Level 4.5 Long Blades
 + Level 3.5 Maces & Flails
 * Level 5.0 Dodging
 + Level 4.0 Stealth


You had 6 spell levels left.
You didn't know any spells.
Your spell library was empty.

Dungeon Overview and Level Annotations

Branches:
Dungeon (4/12)
 Temple: D:4-7

Altars:
Makhleb
Ru
Sif Muna
Yredelemnul

Annotations:
D:4 Adamkad1's ghost, amateur DrTm


Innate Abilities, Weirdness & Mutations

You can breathe waves of freezing cold.
You can buffet flying creatures when you breathe cold.
Your icy white scales are hard. (AC +6)
You cannot fit into any form of body armour.
Your flesh is cold resistant. (rC+)
You are cold-blooded and may be slowed by cold attacks.


Message History

Adamkad1's ghost hits you.
* * * LOW HITPOINT WARNING * * *
You hit Adamkad1's ghost but do no damage.
Adamkad1's ghost is lightly damaged.
Adamkad1's ghost hits you.
* * * LOW HITPOINT WARNING * * *
You barely miss Adamkad1's ghost.
Adamkad1's ghost is lightly damaged.
Adamkad1's ghost barely misses you.
You miss Adamkad1's ghost.
Adamkad1's ghost is lightly damaged.
Adamkad1's ghost closely misses you. Adamkad1's ghost hits you!
* * * LOW HITPOINT WARNING * * *
You closely miss Adamkad1's ghost.
Adamkad1's ghost is lightly damaged.
Adamkad1's ghost hits you but does no damage.
You barely miss Adamkad1's ghost.
Your tail-slap misses Adamkad1's ghost.
Adamkad1's ghost is lightly damaged.
Adamkad1's ghost hits you!
You die...

#.# ##.## #># #.### #.#
###.###### #...# #.#
#......... ###.# ##'##
#.#.#####. #.# ##...## #)#.#
#. #.## ##.....## #.#.### #.
#..## ##.<.....## #.#...# #.
##...####.........###.....###.
#.......'....@W...'...........
##...####.........####.....##.
#..## ##.......## ##...#.#.
#.## ##.....## ##.###.. #..#
##...## #.## ##. ##.# ##'##
##.###.. #.# #.# #..#... #.#
#.# ###.### #.# ####.#### #.#


You could see Adamkad1's ghost.

Vanquished Creatures
  A sky beast (D:4)
  An ogre (D:4)
  A phantom (D:4)
  Blork the orc (D:4)
  A bullfrog (D:4)
  3 crimson imps
  A hound (D:4)
  Terence (D:3)
  An iguana (D:3)
  2 worker ants (D:4)
  4 gnolls (D:3)
  7 adders
  2 oozes (D:3)
  An adder skeleton (D:4)
  A worm (D:2)
  4 dart slugs
  5 leopard geckos
  5 orcs
  A ball python (D:4)
  5 giant cockroaches
  8 goblins
  6 hobgoblins
  6 jackals
  5 kobolds
  A quokka (D:4)
  4 frilled lizards
  A quokka skeleton (D:4)
  7 rats
86 creatures vanquished.

Notes
Turn   | Place    | Note
-------+----------+-------------------------------------------
     0 | D:1      | Morbidden the Draconian Archaeologist began the quest for
                  | the Orb.
     0 | D:1      | Reached XP level 1. HP: 16/16 MP: 1/1
   642 | D:1      | Reached XP level 2. HP: 23/23 MP: 2/2
  1127 | D:1      | Reached skill level 3 in Dodging
  1194 | D:1      | Reached XP level 3. HP: 15/28 MP: 3/3
  1482 | D:2      | Found a burning altar of Makhleb.
  1676 | D:2      | Found a shimmering blue altar of Sif Muna.
  1678 | D:2      | Found a basalt altar of Yredelemnul.
  1795 | D:3      | Found a sacrificial altar of Ru.
  1814 | D:3      | Reached XP level 4. HP: 24/36 MP: 4/4
  2073 | D:3      | Noticed Terence
  2093 | D:3      | Reached XP level 5. HP: 35/41 MP: 5/5
  2093 | D:3      | Identified a scroll of acquirement
  2093 | D:3      | Identified the +2 cloak of Emuoh {Stlth+} (You acquired it
                  | on level 3 of the Dungeon)
  2101 | D:3      | Killed Terence
  2402 | D:3      | Reached skill level 1 in Long Blades
  2621 | D:4      | Noticed Blork the orc
  2639 | D:4      | Killed Blork the orc
  2640 | D:4      | Reached XP level 6. HP: 32/51 MP: 6/6
  2744 | D:4      | Reached skill level 4 in Dodging
  2866 | D:4      | Your scales start taking on an icy white colour.
  2866 | D:4      | Reached XP level 7. HP: 58/58 MP: 7/7
  2866 | D:4      | Gained mutation: Your flesh is cold resistant. (rC+) [White
                  | Draconian growth]
  3211 | D:4      | Found a runed translucent door.
  3218 | D:4      | Noticed Adamkad1's ghost (amateur DrTm)
  3472 | D:4      | Reached skill level 5 in Dodging
  3514 | D:4      | Mangled by Adamkad1's ghost

Skill      XL: |  1  2  3  4  5  6  7 |
---------------+----------------------+-----
Dodging        | 3 4 5 |  5.0
Maces & Flails | 2 3 |  3.5
Fighting       | 2 3 4 |  4.3
Long Blades    | 2 3 4 |  4.5
Stealth        | 4 |  4.0

Action                   |  1- 3 |  4- 6 |  7- 9 || total
-------------------------+-------+-------+-------++-------
Melee: Whip              |    23 |       |       ||    23
       Mace              |    82 |       |       ||    82
       Tailslap          |    13 |    16 |     9 ||    38
       Dire flail        |     3 |    50 |       ||    53
       Long sword        |       |   101 |    56 ||   157
 Abil: Breathe Frost     |       |       |     4 ||     4
  Use: Scroll            |     3 |     2 |       ||     5
 Stab: Sleeping          |     3 |     5 |     1 ||     9
       Distracted        |       |     1 |       ||     1
  Eat: Chunk             |     6 |     8 |     3 ||    17
Armor: Skin              |    37 |    63 |    20 ||   120
Dodge: Dodged            |    88 |   139 |    25 ||   252
